 Dungeon Crawl Stone Soup version 0.23.0 (webtiles) character file.

Game seed: 11419523820448104315

49 Ivernyr the Insei (level 3, 0/18 HPs)
             Began as a Vine Stalker Transmuter on Feb 18, 2019.
             Slain by an orc
             ... wielding a +0 war axe
              (2 damage)
             ... on level 4 of the Dungeon.
             The game lasted 00:04:04 (992 turns).

Ivernyr the Insei (Vine Stalker Transmuter)          Turns: 992, Time: 00:04:05

Health: 0/18       AC:  3    Str: 12    XL:     3   Next: 75%
Magic:  0/7        EV: 12    Int: 14    God:
Gold:   53         SH:  0    Dex: 14    Spells: 4/7 levels left

rFire    . . .     SeeInvis .     - Unarmed
rCold    . . .     Gourm    .   (no shield)
rNeg     . . .     Faith    .   b - +0 robe
rPois    .         Spirit   +   g - +0 helmet
rElec    .         Reflect  .   (no cloak)
rCorr    .         Harm     .   (no gloves)
MR       .....                  (boots currently unavailable)
Stlth    +.........             (no amulet)
HPRegen  0.06/turn              (no ring)
MPRegen  0.10/turn              (no ring)

@: appendage (expiring)
A: fangs 2, talons 3, magic shield, antimagic bite, no potion heal 3, rot
immunity
a: End Transformation


You were on level 4 of the Dungeon.
You were hungry.
You had grown temporary talons.
You visited 1 branch of the dungeon, and saw 3 of its levels.

You collected 53 gold pieces.

Inventory:

Missiles
 a - 12 arrows
Armour
 b - a +0 robe (worn)
 g - a +0 helmet (worn)
Scrolls
 c - a scroll of identify {unknown}
 e - a scroll of enchant armour {unknown}
 h - a scroll of random uselessness {unknown}
 j - a scroll of fear {unknown}
Potions
 f - a potion of flight {unknown}
 i - 3 potions of curing {unknown}
Comestibles
 d - 2 rations


   Skills:
 - Level 1.1 Fighting
 + Level 2.0 Dodging
 + Level 3.2 Unarmed Combat
 + Level 2.6 Spellcasting
 * Level 2.9 Transmutations


You had 4 spell levels left.
You knew the following spells:

 Your Spells              Type           Power        Failure   Level  Hunger
a - Beastly Appendage     Tmut           ##....       7%          1    #......
b - Sticks to Snakes      Tmut           ##......     10%         2    ###....

Your spell library contained the following spells:

 Spells                   Type           Power        Failure   Level  Hunger
 Spider Form              Tmut/Pois      #.........   36%         3    ###....
 Ice Form                 Ice/Tmut       #.......     77%         4    #####..
 Blade Hands              Tmut           ##........   88%         5    ######.


Dungeon Overview and Level Annotations

Branches:
Dungeon (2/15)

Altars:


Innate Abilities, Weirdness & Mutations

You have extremely sharp teeth.
When hurt, damage is shared between your health and your magic reserves.
Your bite disrupts and absorbs the magic of your enemies.
Potions cannot restore your health.
You are immune to rotting.
You have claws for feet.


Message History

You hit the orc but do no damage. Your kick misses the orc.
The orc is heavily wounded.
The orc closely misses you.
You hit the orc but do no damage.
The orc is heavily wounded.
The orc misses you.
You hit the orc but do no damage. You claw the orc.
The orc is severely wounded.
The orc closely misses you.
You are feeling hungry.
You hit the orc but do no damage. Your kick misses the orc.
The orc is severely wounded.
The orc barely misses you.
You hit the orc but do no damage. Your bite misses the orc.
The orc is severely wounded.
Your transformation is almost over.
You hit the orc. Your bite misses the orc.
The orc is almost dead.
The orc hits you with a +0 war axe.
You die...

..........
#........#
##........#
#..........
###..........
#.##............
#...[[..........
.....##.......?...
.... #@#........#
##. #o##......##
#.###..####
#............#
#............#
#..............
#######.....###
#....... #.......#


You could see an orc.

Vanquished Creatures
  A bullfrog skeleton (D:4)
  A dart slug (D:1)
  A leopard gecko (D:1)
  A giant cockroach (D:1)
  3 goblins (D:1)
  2 hobgoblins (D:1)
  4 bats (D:1)
  A frilled lizard (D:2)
  3 kobolds
  A rat (D:1)
18 creatures vanquished.

Notes
Turn   | Place    | Note
-------+----------+-------------------------------------------
     0 | D:1      | Ivernyr the Vine Stalker Transmuter began the quest for the
                  | Orb.
     0 | D:1      | Reached XP level 1. HP: 9/9 MP: 4/4
    30 | D:1      | Reached skill level 1 in Fighting
   246 | D:1      | Reached XP level 2. HP: 14/14 MP: 6/6
   250 | D:1      | Learned a level 2 spell: Sticks to Snakes
   944 | D:2      | You fall through a shaft for 2 floors!
   961 | D:4      | Reached XP level 3. HP: 13/18 MP: 3/7
   992 | D:4      | Slain by an orc

Skill      XL: |  1  2 |
---------------+-------+-----
Fighting       | 1 |  1.1
Dodging        | 2 |  2.0
Unarmed Combat | |  3.2
Spellcasting   | |  2.6
Transmutations | |  2.9

Action                   || total
-------------------------++-------
Melee: Unarmed           ||    72
       Bite              ||    13
       Kick              ||    15
       Headbutt          ||     1
 Cast: Beastly Appendage ||    12
 Stab: Sleeping          ||     1
Armor: Robe              ||    30
Dodge: Dodged            ||    42
